 Dungeon Crawl Stone Soup version 0.26-a0-576-gcfaa98f (webtiles) character file.

Game seed: 8717567190103900836

16 Hazorath the Sneak (level 2, -2/18 HPs)
             Began as a Kobold Brigand on Aug 22, 2020.
             Slain by a white imp (4 damage)
             ... on level 3 of the Dungeon.
             The game lasted 00:01:30 (287 turns).

Hazorath the Sneak (Kobold Brigand)                  Turns: 287, Time: 00:01:30

Health: -2/18      AC:  3    Str:  8    XL:     2   Next: 70%
Magic:  2/2        EV: 14    Int: 12    God:
Gold:   0          SH:  0    Dex: 16    Spells: 1/1 levels left

rFire    . . .     SeeInvis .   a - +2 dagger
rCold    . . .     Faith    .   (shield restricted)
rNeg     . . .     Spirit   .   b - +0 robe
rPois    +         Reflect  .   (no helmet)
rElec    .         Harm     .   c - +0 cloak
rCorr    .                      (no gloves)
MR       .....                  (no boots)
Stlth    ++++......             (no amulet)
HPRegen  0.06/turn              i - ring of poison resistance
MPRegen  0.08/turn              (no ring)

@: no status effects
A: small, nightstalker 3
a: no special abilities


You were on level 3 of the Dungeon.
You visited 1 branch of the dungeon, and saw 3 of its levels.

Inventory:

Hand Weapons
 a - a +2 dagger (weapon)
Missiles
 d - 8 poisoned darts (quivered)
Armour
 b - a +0 robe (worn)
 c - a +0 cloak (worn)
Jewellery
 i - a ring of poison resistance (left hand)
Potions
 f - a potion of ambrosia {unknown}
 g - a potion of stabbing {unknown}
 h - 2 potions of brilliance {unknown}


   Skills:
 * Level 2.5 Fighting
 * Level 3.1 Short Blades
 * Level 2.6 Throwing
 + Level 1.5 Dodging
 - Level 5.3 Stealth


You had one spell level left.
You didn't know any spells.
Your spell library was empty.

Dungeon Overview and Level Annotations

Branches:
Dungeon (3/15)

Altars:


Innate Abilities, Weirdness & Mutations

You are small and have problems with some larger weapons.
You are completely attuned to the shadows.


Message History

* * * LOW HITPOINT WARNING * * *
You are too injured to fight recklessly!
Quiver which item? (- for none, * to show all) (? for menu, Esc to quit)
Quivering
e - 2 curare-tipped darts for throwing.
Throwing (i - inventory. (/) - cycle)
e - 2 curare-tipped darts (quivered)
Press: ? - help, Shift-Dir - straight line, f - white imp
Aim: a white imp (moderately wounded)
You throw a curare-tipped dart.
The curare-tipped dart closely misses the white imp.
The white imp completely misses you.
Throwing (i - inventory. (/) - cycle)
e - a curare-tipped dart (quivered)
Press: ? - help, Shift-Dir - straight line, f/p - white imp
Aim: a white imp (moderately wounded)
You throw a curare-tipped dart.
The curare-tipped dart hits the white imp.
The white imp is moderately wounded.
The white imp hits you.
* * * LOW HITPOINT WARNING * * *
The white imp freezes you.
You die...

#.......#.#........
#...........#...###
#)......#.##.....#
######...###.###...##
.........# #.......#
<######..# ######.##
##..# #.# ###...# #+#
#.@...# #5#...#
.......# ###.#...# #.
....


You could see a white imp.

Vanquished Creatures
  An adder (D:2)
  3 goblins
  A frilled lizard (D:3)
  A kobold (D:2)
  2 rats
8 creatures vanquished.

Vanquished Creatures (others)
  Robin (D:2)
  4 goblins (D:2)
  A hobgoblin (D:2)
6 creatures vanquished.

Grand Total: 14 creatures vanquished

Notes
Turn   | Place    | Note
-------+----------+-------------------------------------------
     0 | D:1      | Hazorath the Kobold Brigand began the quest for the Orb.
     0 | D:1      | Reached XP level 1. HP: 12/12 MP: 1/1
    71 | D:2      | Reached XP level 2. HP: 13/18 MP: 2/2
    78 | D:2      | Killed Robin
   287 | D:3      | Slain by a white imp

Illustrated notes

Levels and vault maps discovered:
D:1:      dpeg_arrival_tiny_j, layout_rooms
D:2:      layout_basic, fiery_altar_vehumet, chequers_serial_rivers_room_a,
          uniq_robin, uniq_sigmund
D:3:      layout_loops_corners, tso_metal_star, overflow_temple_1_default

Skill      XL: |  1 |
---------------+----+-----
Short Blades   | 3 |  3.1
Fighting       | |  2.5
Throwing       | |  2.6
Dodging        | |  1.5
Stealth        | |  5.3

Action                   || total
-------------------------++-------
Melee: Dagger            ||    10
Throw: Dart              ||     6
 Stab: Sleeping          ||     5
Dodge: Dodged            ||     3

Table legend: (Time is in decaauts)
 A = Elapsed time spent in this place.
 B = Non-inter-level travel time spent in this place.
 C = Inter-level travel time spent in this place.
 D = Time resting spent in this place.
 E = Time spent auto-exploring this place.
 F = Levels seen in this place.
 G = Mean time per level.
                   A        B        C        D        E       F      G
               +--------+--------+--------+--------+--------+-----+--------+
         Total |    283 |    266 |     17 |      0 |    202 |   3 |   94.3 |
       Dungeon |    283 |    266 |     17 |      0 |    202 |   3 |   94.3 |
               +--------+--------+--------+--------+--------+-----+--------+

Top non-repeatable levels by time:
     D:2: 134 daAuts
     D:3: 107 daAuts
     D:1: 41 daAuts
